 Dungeon Crawl Stone Soup version 0.32-a0-656-g3542139ebd (webtiles) character file.

Game seed: 17235659980468469665

245 kae the Slasher (level 6, -1/44 HPs)
             Began as a Coglin Gladiator on Mar 8, 2024.
             Slain by Duvessa
             ... wielding a +0 rapier
              (11 damage)
             ... on level 4 of the Dungeon.
             The game lasted 00:02:31 (3342 turns).

kae the Slasher (Coglin Gladiator)                  Turns: 3342, Time: 00:02:31

Health: -1/44      AC:  5    Str: 15    XL:     6   Next: 10%
Magic:  6/6        EV: 12    Int:  7    God:
Gold:   155        SH:  0    Dex: 17    Spells: 5/5 levels left

rFire   . . .        a - +0 long sword {Margit}
rCold   . . .        k - +0 long sword {Bunsong}
rNeg    . . .        b - +0 leather armour
rPois   .            c - +1 helmet
rElec   .            (no cloak)
rCorr   .            (no gloves)
SInv    .            (no boots)
Will    .....        (amulet unavailable)
Stlth   +            (ring unavailable)
HPRegen 0.27/turn    (ring unavailable)
MPRegen 0.10/turn    (no gizmo)

%: no passive effects
@: lit by a corona, glowing, revved
A: off-hand wielding, slow wielding, warmup strikes, no jewellery
a: Invent Gizmo


You were on level 4 of the Dungeon.
You visited 2 branches of the dungeon, and saw 5 of its levels.

You collected 155 gold pieces.


Innate Abilities, Weirdness & Mutations

You can wield a second weapon in your off-hand.
It takes a long time for you to wield or remove held weapons.
Your first few attacks do less damage.
You cannot equip rings or amulets.


   Skills:
 - Level 2.0 Fighting
 + Level 6.6 Long Blades
 - Level 1.7 Throwing
 - Level 2.6 Dodging


You had 5 spell levels left.
You didn't know any spells.
Your spell library contained the following spells:

 Spells                   Type           Power      Damage    Failure   Level
 Summon Small Mammal      Summ           0%         N/A       50%         1
 Ensorcelled Hibernation  Hex/Ice        0%         N/A       65%         2
 Sublimation of Blood     Necr           0%         N/A       65%         2
 Passwall                 Erth           0%         N/A       86%         3
 Swiftness                Air            0%         N/A       86%         3
 Petrify                  Alch/Erth      0%         N/A       99%         4
 Irradiate                Conj/Alch      0%         3d11      100%        5

Inventory:

Hand Weapons
 a - a +0 long sword (weapon) {Margit}
 f - a +0 dagger {Gilbert}
 k - a +0 long sword (offhand) {Bunsong}
   (You found it on level 1 of the Dungeon)
Missiles
 d - 3 throwing nets (quivered) {=f!f}
 e - a javelin
 h - 31 stones
 s - 6 poisoned darts
Armour
 b - a +0 leather armour (worn)
 c - a +1 helmet (worn)
Magical Staves
 n - a staff of fire {!a}
   (You found it on level 2 of the Dungeon)
Jewellery
 A - an amulet of the acrobat
   (You found it on level 2 of the Dungeon)
Wands
 m - a wand of charming (4)
   (You found it on level 2 of the Dungeon)
Potions
 g - a potion of lignification {unknown}
 i - a potion of cancellation {unknown}
 j - a potion of brilliance {unknown}
 l - a potion of might {unknown}
 o - 5 potions of curing {unknown}
 q - a potion of haste {unknown}
 r - a potion of enlightenment {unknown}
 t - 2 potions of invisibility

Dungeon Overview and Level Annotations

Branches:
Dungeon (4/15) Zot: 20630  Temple (1/1) D:4 Zot: 5998

Altars:
Cheibriados
Dithmenos
Elyvilon
Gozag
Ru
Wu Jian
The Shining One

Shops:
D:1 :

Annotations:
D:4 Dowan, Duvessa

###.....................
#..##.....########......
##.........#⌠ß⌠# .....#
#..........#...+ .....#
#...#......#...# ......
#.. ####...#...+ .....
###....#...#
#......##e#####.#
##......@e.......
##....#.#.......
##.....#.....##
##.........##
##..#.##..# ##.### ###
###


You could see Duvessa and Dowan.


Message History

The orc priest hits you with a +0 mace. 😕 HP[-1]
You take 1 damage, and now have 37/38 hp.
You closely miss the orc priest with your +0 long sword.
You hit the orc priest but do no damage.
The orc priest hits you but does no damage.
You closely miss the orc priest with your +0 long sword.
You barely miss the orc priest with your +0 long sword.
The orc priest hits you but does no damage. 😎 HP[+1]
Your hp is fully restored (38).
You hit the orc priest with your +0 long sword.
You slash the orc priest with your +0 long sword!
The orc priest hits you with a +0 mace.
You hit the orc priest with your +0 long sword.
You kill the orc priest!
You have reached level 6! 😕 HP[+5] MP[+1]
You now have 44 max hp (+6).
You regained 5 hp, and now have 43/44 hp.
Your mp is fully restored (6).
h - 31 stones (gained 6)
A quokka comes into view. 😎 HP[+1]
Your hp is fully restored (44).
A quokka is nearby!
A quokka is nearby!
No target in view!
The quokka misses you. The quokka closely misses you.
A quokka is nearby!
You slash the quokka with your +0 long sword!
You kill the quokka!
No target in view!
You pick up a book of Burglary and begin reading...
Unfortunately, you learned nothing new.
No target in view!
No target in view!
Found a stone staircase leading down.
You now have 141 gold pieces (gained 13).
Key pressed, stopping explore.
No target in view!
No target in view!
You now have 155 gold pieces (gained 14).
You see here a +0 whip.
A dart slug comes into view.
A dart slug is nearby!
The dart slug bites you but does no damage.
You hit the dart slug with your +0 long sword. x2
You hit the dart slug with your +0 long sword.
You kill the dart slug!
o - 5 fuming brown potions (gained 1) As you open the door, it creaks loudly!
Duvessa and Dowan come into view.
Dowan shouts!
Duvessa shouts!
Dowan points at you and mumbles some strange words.
You are outlined in light.
You completely miss Duvessa with your +0 long sword.
You hit Duvessa with your +0 long sword.
Duvessa barely misses you.
You barely miss Duvessa with your +0 long sword. x2
Duvessa hits you with a +0 rapier. x2 😮 HP[-11]
You take 11 damage, and now have 33/44 hp.
MASSIVE DAMAGE!! (PAUSE)
You slash Duvessa with your +0 long sword!
You hit Duvessa but do no damage. Duvessa misses you.
You closely miss Duvessa with your +0 long sword.
You slash Duvessa with your +0 long sword!
Duvessa hits you with a +0 rapier! 😮 HP[-6]
You take 6 damage, and now have 27/44 hp.
Unknown command.
You barely miss Duvessa with your +0 long sword.
You hit Duvessa but do no damage. Duvessa hits you but does no damage.
You hit Duvessa with your +0 long sword.
You barely miss Duvessa with your +0 long sword.
You miss Dowan with your +0 long sword.
You barely miss Dowan with your +0 long sword.
Duvessa says, "Where magic fails, the sword succeeds!"
Duvessa hits you but does no damage. Dowan closely misses you.
Unknown command.
You hit Duvessa with your +0 long sword.
You hit Duvessa but do no damage. Duvessa hits you with a +0 rapier.
Dowan barely misses you. 😮 HP[-1]
You take 1 damage, and now have 26/44 hp.
Unknown command.
You barely miss Duvessa with your +0 long sword.
You hit Duvessa with your +0 long sword.
Duvessa hits you with a +0 rapier!
* * * LOW HITPOINT WARNING * * *
Dowan hits you with a +0 dagger.
* * * LOW HITPOINT WARNING * * *
😱 HP[-16]
You take 16 damage, and now have 10/44 hp.
MASSIVE DAMAGE!! (PAUSE)
You hit Duvessa but do no damage.
You barely miss Duvessa with your +0 long sword.
Duvessa hits you with a +0 rapier!
You die...

Skill      XL: |  1  2  3  4  5 |
---------------+----------------+-----
Long Blades    | 4 5 6 |  6.6
Fighting       | |  2.0
Throwing       | |  1.7
Dodging        | |  2.6

Action                     |  1- 3 |  4- 6 || total
---------------------------+-------+-------++-------
  Melee: Long sword        |    79 |   125 ||   204
         Dagger            |    22 |       ||    22
  Evoke: Wand              |       |     5 ||     5
    Use: Scroll            |     3 |     2 ||     5
   Stab: Sleeping          |     3 |       ||     3
 Armour: Leather armour    |    23 |    49 ||    72
  Dodge: Dodged            |    32 |    45 ||    77

Levels and vault maps discovered:
D:1:      sevenhm_arrival_forest_fort_small_3, layout_basic,
          shapermc_ecumenical_altar_rom_forum, serial_shops,
          nicolae_shop_hallway_stairs
D:2:      layout_basic, grunt_decor_clamped, hangedman_abyss_or_decor_stabs
D:3:      layout_basic, mainiacjoe_overflow_chevrons, chequers_big_river,
          minmay_crystal_room
D:4:      dreamdust_elfheim, layout_cave_pools,
          mainiacjoe_overflow_six_doors_small, nicolae_hepliaklqana_hippocampus,
          lightli_temple_of_fire, minmay_temple_entry_trees
Temple:   hellmonk_temple_beads

Notes
Turn   | Place    | Note
-------+----------+-------------------------------------------
     0 | D:1      | kae the Coglin Gladiator began the quest for the Orb.
     0 | D:1      | Reached XP level 1. HP: 16/16 MP: 1/1
     0 | D:1      | magus.rc [v1.11.3]
   122 | D:1      | Reached XP level 2. HP: 21/22 MP: 2/2
   237 | D:1      | Found a faded altar of an unknown god.
   242 | D:1      | Got Plato's Commentary on Mustering
   466 | D:1      | Found Esyokhut's Book Boutique.
   934 | D:2      | Reached skill level 4 in Long Blades
   986 | D:2      | Reached XP level 3. HP: 27/27 MP: 3/3
  1199 | D:2      | You pick up a book of Transmutation and begin reading...
  1199 | D:2      | You add the spells Sublimation of Blood, Petrify and
                  | Irradiate to your library.
  1871 | D:3      | Found a white marble altar of Elyvilon.
  1908 | D:3      | Reached XP level 4. HP: 33/33 MP: 4/4
  1991 | D:3      | Reached skill level 5 in Long Blades
  2096 | D:3      | Reached XP level 5. HP: 27/38 MP: 5/5
  2263 | D:3      | You pick up a book of Burglary and begin reading...
  2263 | D:3      | You add the spells Ensorcelled Hibernation, Swiftness and
                  | Passwall to your library.
  2490 | D:3      | Reached skill level 6 in Long Blades
  3020 | D:4      | Found a staircase to the Ecumenical Temple.
  3034 | Temple   | Entered the Ecumenical Temple
  3170 | D:4      | Reached XP level 6. HP: 43/44 MP: 6/6
  3234 | D:4      | You pick up a book of Burglary and begin reading...
  3330 | D:4      | Noticed Duvessa
  3330 | D:4      | Noticed Dowan
  3341 | D:4      | HP: 10/44 [Dowan/+0 dagger (4)]
  3342 | D:4      | Slain by Duvessa

Vanquished Creatures
  2 orc priests
  An orc wizard (D:3)
  A gnoll (D:1)
  5 adders
  3 dart slugs
  3 ribbon worms (D:2)
  8 orcs (D:3)
  A ball python (D:2)
  3 bats
  5 endoplasms
  3 giant cockroaches
  7 hobgoblins
  A quokka (D:4)
  2 frilled lizards
  4 goblins
  3 kobolds
  3 rats
55 creatures vanquished.

Vanquished Creatures (collateral kills)
  An orc priest (D:3)
  2 orcs (D:3)
  A goblin (D:3)
4 creatures vanquished.

Vanquished Creatures (others)
  An orc (D:3)
1 creature vanquished.

Grand Total: 60 creatures vanquished

Table legend:
 A = Non-vault XP
 B = Vault XP
 C = Vault XP percentage of total XP
 D = Non-vault monster count
 E = Vault monster count
 F = Vault count percentage of total count
                 A         B        C        D         E       F
            +---------+---------+-------+---------+---------+-------
      Total |     351 |       0 |   0.0 |      59 |       0 |   0.0
            +---------+---------+-------+---------+---------+-------
        D:1 |      28 |       0 |   0.0 |       9 |       0 |   0.0
        D:2 |      48 |       0 |   0.0 |      15 |       0 |   0.0
        D:3 |     222 |       0 |   0.0 |      29 |       0 |   0.0
        D:4 |      53 |       0 |   0.0 |       6 |       0 |   0.0
            +---------+---------+-------+---------+---------+-------

Skill      XL: |  1  2  3  4  5 |
---------------+----------------+-----
Long Blades    | 4 5 6 |  6.6
Fighting       | |  2.0
Throwing       | |  1.7
Dodging        | |  2.6

Action                     |  1- 3 |  4- 6 || total
---------------------------+-------+-------++-------
  Melee: Long sword        |    79 |   125 ||   204
         Dagger            |    22 |       ||    22
  Evoke: Wand              |       |     5 ||     5
    Use: Scroll            |     3 |     2 ||     5
   Stab: Sleeping          |     3 |       ||     3
 Armour: Leather armour    |    23 |    49 ||    72
  Dodge: Dodged            |    32 |    45 ||    77

Illustrated notes

Table legend:
 A = Kills in this place as a percentage of kills in the entire game.
 B = Kills by you in this place as a percentage of kills by you in the entire game.
 C = Kills by friends in this place as a percentage of kills by friends in the entire game.
 D = Other kills in this place as a percentage of other kills in the entire game.
 E = Experience gained in this place as a percentage of experience gained in the entire game.
 F = Experience gained in this place divided by the number of levels of this place that you have seen.
                   A       B       C       D       E      F
               +-------+-------+-------+-------+-------+----------------------
         Total | 100.0 | 100.0 | 100.0 |   N/A | 100.0 |  70.2
       Dungeon | 100.0 | 100.0 | 100.0 |   N/A | 100.0 |  87.8
               +-------+-------+-------+-------+-------+----------------------

Table legend: (Time is in decaauts)
 A = Elapsed time spent in this place.
 B = Non-inter-level travel time spent in this place.
 C = Inter-level travel time spent in this place.
 D = Time resting spent in this place.
 E = Time spent auto-exploring this place.
 F = Levels seen in this place.
 G = Mean time per level.
                   A        B        C        D        E       F      G
               +--------+--------+--------+--------+--------+-----+--------+
         Total |   3370 |   3271 |     99 |    295 |   2446 |   5 |  674.0 |
       Dungeon |   3368 |   3271 |     97 |    295 |   2446 |   4 |  842.0 |
        Temple |      1 |      0 |      1 |      0 |      0 |   1 |    1.0 |
               +--------+--------+--------+--------+--------+-----+--------+

Top non-repeatable levels by time:
     D:3: 1261 daAuts
     D:1: 925 daAuts
     D:2: 911 daAuts
     D:4: 270 daAuts
  Temple: 1 daAuts
